 Dungeon Crawl Stone Soup version 0.28.0-45-g0d030f2227 (webtiles) character file.

Game seed: 941851818994918075

550 grandchungus the Slasher (level 7, 0/61 HPs)
             Began as a Minotaur Berserker on Apr 7, 2022.
             Was a Priest of Trog.
             Slain by an ogre
             ... wielding a +0 giant club
              (13 damage)
             ... on level 4 of the Dungeon.
             The game lasted 00:10:51 (3587 turns).

grandchungus the Slasher (Minotaur Berserker)       Turns: 3587, Time: 00:10:52

Health: 0/61       AC:  9    Str: 23    XL:     7   Next: 7%
Magic:  6/6        EV:  9    Int:  4    God:    Trog [***...]
Gold:   174        SH:  0    Dex: 10    Spells: 6/6 levels left

rFire   . . .      SeeInvis .   a - +0 falchion
rCold   . . .      Faith    .   (no shield)
rNeg    . . .      Spirit   .   i - +0 chain mail
rPois   .          Reflect  .   (helmet restricted)
rElec   .          Harm     .   (no cloak)
rCorr   .          Rampage  .   (no gloves)
Will    .....                   (no boots)
Stlth   ..........              (no amulet)
HPRegen 0.20/turn               (no ring)
MPRegen 0.10/turn               (no ring)

@: no status effects
A: horns 2, retaliatory headbutt
a: Renounce Religion, Berserk, Trog's Hand


You were on level 4 of the Dungeon.
You worshipped Trog.
Trog was most pleased with you.
You visited 1 branch of the dungeon, and saw 4 of its levels.

You collected 174 gold pieces.

Inventory:

Hand Weapons
 a - a +0 falchion (weapon)
Missiles
 m - a throwing net (quivered)
Armour
 b - a +0 animal skin
 i - a +0 chain mail (worn)
Scrolls
 c - a scroll of fear {unknown}
 d - a scroll of magic mapping {unknown}
 e - a scroll of noise {unknown}
 f - 3 scrolls of identify {unknown}
 g - 4 scrolls of teleportation {unknown}
 k - 2 scrolls of enchant weapon {unknown}
 l - a scroll of amnesia {unknown}
 o - 2 scrolls of summoning {unknown}
Potions
 h - 5 potions of curing
 j - a potion of haste {unknown}
 n - 2 potions of resistance {unknown}


   Skills:
 + Level 5.3 Fighting
 + Level 6.9 Long Blades
 + Level 5.3 Armour
 + Level 2.9 Dodging
 + Level 1.0 Stealth


You had 6 spell levels left.
You didn't know any spells.
Your spell library was empty.

Dungeon Overview and Level Annotations

Branches:
Dungeon (4/15)
 Temple: D:4-7

Altars:


Innate Abilities, Weirdness & Mutations

You have a pair of horns on your head.
You reflexively headbutt those who attack you in melee.


Message History

You barely miss the goblin. The goblin barely misses you.
You closely miss the goblin. You headbutt the goblin.
You kill the goblin!
Trog accepts your kill.
You see here a +0 club.
Found a stone staircase leading up.
Found a ring mail and a scroll labelled OSAQIM HOQILA.
You see here a +0 ring mail.
g - 4 scrolls labelled OSAQIM HOQILA (gained 1)
An ogre comes into view. It is wielding a +0 giant club.
Found 2 scrolls labelled BEOPSA WOESOLL.
The ogre closely misses you. The ogre barely misses you.
You slash the ogre!
The ogre is moderately wounded.
The ogre hits you with a +0 giant club!!
You barely miss the ogre. You headbutt the ogre!
The ogre is severely wounded.
The ogre barely misses you.
You hit the ogre but do no damage. Your headbutt misses the ogre.
The ogre is severely wounded.
You hit the ogre but do no damage.
The ogre is severely wounded.
The ogre barely misses you.
You barely miss the ogre.
The ogre is heavily wounded.
The ogre hits you with a +0 giant club!
You barely miss the ogre.
The ogre is heavily wounded.
The ogre hits you with a +0 giant club!
* * * LOW HITPOINT WARNING * * *
You barely miss the ogre. Your headbutt misses the ogre.
The ogre is heavily wounded.
The ogre closely misses you.
You hit the ogre.
The ogre is severely wounded.
You barely miss the ogre.
The ogre is severely wounded.
The ogre hits you with a +0 giant club!
You die...

#########.###################....
..........# #######.###
#######...# #.......# #.###
#.#####.# #.# #########.# #...
#.# #..[......# #####
#######.#######.#######.#
...............O.## #.#
###############.@.# #..
#.........## #..?####### #####


You could see an ogre.

Vanquished Creatures
  Eustachio (D:4)
  An ice beast (D:4)
  An ogre (D:4)
  A jelly (D:3)
  A bullfrog skeleton (D:4)
  2 orc wizards (D:4)
  5 adders
  2 worms (D:2)
  6 dart slugs
  3 orcs (D:4)
  7 ball pythons
  3 bats (D:2)
  4 endoplasms
  6 giant cockroaches
  7 goblins
  7 hobgoblins
  2 jackals (D:2)
  A quokka (D:2)
  3 frilled lizards
  8 kobolds
  4 rats
75 creatures vanquished.

Notes
Turn   | Place    | Note
-------+----------+-------------------------------------------
     0 | D:1      | grandchungus the Minotaur Berserker began the quest for the
                  | Orb.
     0 | D:1      | Reached XP level 1. HP: 19/19 MP: 0/0
   243 | D:1      | Reached XP level 2. HP: 8/27 MP: 1/1
   485 | D:1      | Reached skill level 4 in Long Blades
  1022 | D:2      | Found a faded altar of an unknown god.
  1091 | D:2      | Reached ** piety under Trog
  1095 | D:2      | Reached XP level 3. HP: 33/33 MP: 2/2
  1424 | D:2      | Reached XP level 4. HP: 33/41 MP: 3/3
  1618 | D:3      | Reached skill level 5 in Long Blades
  2813 | D:4      | Reached XP level 5. HP: 47/47 MP: 4/4
  2833 | D:4      | Noticed Eustachio
  2849 | D:4      | Killed Eustachio
  2849 | D:4      | Reached *** piety under Trog
  2850 | D:4      | Reached skill level 5 in Fighting
  2850 | D:4      | Reached skill level 6 in Long Blades
  2850 | D:4      | Reached XP level 6. HP: 37/56 MP: 5/5
  3136 | D:4      | Reached skill level 5 in Armour
  3192 | D:4      | Noticed an ice beast
  3203 | D:4      | Killed an ice beast
  3204 | D:4      | Reached skill level 1 in Stealth
  3204 | D:4      | Reached XP level 7. HP: 36/61 MP: 6/6
  3587 | D:4      | Slain by an ogre

Illustrated notes

Levels and vault maps discovered:
D:1:      tarquinn_simple_flora_water_b, layout_loops_ring,
          chequers_serial_rivers_micro_c
D:2:      layout_rooms, shapermc_ecumenical_altar_hornbeckon
D:3:      layout_basic
D:4:      minmay_spotlight, layout_loops_ring, uniq_eustachio

Skill      XL: |  1  2  3  4  5  6 |
---------------+-------------------+-----
Fighting       | 4 5 |  5.3
Long Blades    | 4 5 6 |  6.9
Armour         | 3 4 5 |  5.3
Stealth        | 1 |  1.0
Dodging        | |  2.9

Action                   |  1- 3 |  4- 6 |  7- 9 || total
-------------------------+-------+-------+-------++-------
Melee: Falchion          |    81 |   110 |    14 ||   205
       Headbutt          |    14 |    16 |     2 ||    32
       Punch             |     1 |       |       ||     1
Armor: Animal skin       |     2 |       |       ||     2
       Chain mail        |    40 |    57 |     2 ||    99
Dodge: Dodged            |    69 |    44 |     8 ||   121
